 Dungeon Crawl Stone Soup version 0.22-a0-224-g8cf3520 (webtiles) character file.

119 Amnesiac the Charlatan (level 4, -9/22 HPs)
             Began as a Spriggan Artificer on Feb 20, 2018.
             Killed themself with a badly aimed iceblast (23 damage)
             ... on level 5 of the Dungeon.
             The game lasted 00:03:18 (1121 turns).

Amnesiac the Charlatan (Spriggan Artificer)         Turns: 1121, Time: 00:03:18

Health: -9/22      AC:  2    Str:  9    XL:     4   Next: 74%
Magic:  9/9        EV: 20    Int: 12    God:
Gold:   61         SH:  0    Dex: 16    Spells: 3/3 levels left

rFire    . . .     SeeInvis +   a - +0 short sword
rCold    . . .     Gourm    .   (shield restricted)
rNeg     . . .     Faith    .   b - +0 robe
rPois    .         Spirit   .   (helmet restricted)
rElec    .         Reflect  .   (no cloak)
rCorr    .         Harm     .   (gloves unavailable)
MR       .....                  (boots unavailable)
Stlth    ++........             (no amulet)
HPRegen  0.07/turn              (no ring)
MPRegen  0.11/turn              (no ring)

@: very quick
A: very small, unfitting armour, see invisible, herbivore, speed 3, slow
metabolism 2
a: no special abilities


You were on level 5 of the Dungeon.
You were not hungry.

You visited 1 branch of the dungeon, and saw 6 of its levels.

You collected 61 gold pieces.

Inventory:

Hand Weapons
 a - a +0 short sword (weapon)
 m - a +0 whip
 s - a +0 shortbow of flaming
Missiles
 i - 13 poisoned needles
 q - 17 stones (quivered)
 t - 21 arrows
Armour
 b - a +0 robe (worn)
 n - a +1 robe of positive energy
Wands
 c - a wand of flame (15)
 d - a wand of enslavement (15)
 e - a wand of random effects (9)
Scrolls
 g - a scroll of remove curse {!r}
 j - a scroll of enchant armour {!r, unknown}
 l - a scroll of blinking {!r, unknown}
 o - a scroll of identify {!r, unknown}
Potions
 h - a potion of might {!q, unknown}
 k - a potion of resistance {!q, unknown}
 p - a potion of degeneration {!q, unknown}
 r - a potion of flight {!q, unknown}
Comestibles
 f - 3 rations


   Skills:
 - Level 1.0 Fighting
 - Level 1.1 Short Blades
 + Level 4.7 Dodging
 - Level 1.5 Stealth
 * Level 6.3 Evocations


You had 3 spell levels left.
You didn't know any spells.

Dungeon Overview and Level Annotations

Branches:
Dungeon (6/15)
 Temple: D:4-7

Altars:
Fedhas
Qazlal
Trog
Xom

Shops:
D:4 =

Annotations:
D:2 Robin
D:5 Dowan


Innate Abilities, Weirdness & Mutations

You are very small and have problems with some larger weapons.
You are too small for most types of armour.
You have supernaturally acute eyesight. (SInv)
You are a herbivore.
You cover ground extremely quickly.
You need consume almost no food.


Message History

Dowan gestures wildly while chanting.
Dowan blinks!
A gnoll and an orc come into view.
Things that are here:
a runed shortbow; 21 arrows; a centaur corpse
s - a runed shortbow;
t - 21 arrows The orc shouts!
The gnoll barely misses you.
An orc wizard comes into view. It is wielding a dagger.
The orc wizard shouts!
The orc wizard mumbles some strange words.
The orc wizard flickers and vanishes for a moment.
You hit the giant cockroach but do no damage.
The giant cockroach barely misses you.
You hit the giant cockroach but do no damage.
The giant cockroach completely misses you.
You hit the giant cockroach but do no damage.
The giant cockroach completely misses you.
You hit the giant cockroach.
The giant cockroach is heavily wounded.
The giant cockroach closely misses you.
Dowan mumbles some strange words.
Dowan blinks!
The giant cockroach bites you.
You hit the giant cockroach but do no damage.
The giant cockroach is moderately wounded.
The gnoll hits you but does no damage. The giant cockroach barely misses you.
Evoke which item? (* to show all) (? for menu, Esc to quit)
Okay, then.
Evoke which item? (* to show all) (? for menu, Esc to quit)
Aiming: Random Effects
Press: ? - help, Shift-Dir - straight line, f - gnoll
Aim: a gnoll, wielding an enchanted whip The gnoll struggles to resist.
Unknown command.
You swing at nothing.
You swing at nothing.
The giant cockroach completely misses you.
You hit the giant cockroach.
The giant cockroach is heavily wounded.
The giant cockroach bites you.
A hound comes into view.
You hit the giant cockroach.
The giant cockroach is almost dead.
The giant cockroach misses you.
You hit the giant cockroach but do no damage.
The giant cockroach is severely wounded.
The giant cockroach barely misses you. The gnoll misses you.
The giant cockroach bites you.
You barely miss the giant cockroach.
The giant cockroach is severely wounded.
The gnoll barely misses you. The giant cockroach misses you.
The hound bites you. The hound closely misses you.
Evoke which item? (* to show all) (? for menu, Esc to quit)
Aiming: Random Effects
Press: ? - help, Shift-Dir - straight line, f - hound
Aim: a hound The mass of ice explodes!
The iceblast engulfs the hound.
The hound is severely wounded.
The iceblast engulfs the giant cockroach.
You kill the giant cockroach!
The iceblast engulfs you!
Ouch! That really hurt!
You die...

#go..g.g.###
#g########.
#g# ... #Y#
.... #.#
....≈
#g####...≈≈
#.#.....≈≈.
#.†h....≈≈.
###@....≈≈.
####...≈≈
...≈ ..


You could see a hound and a gnoll.

Vanquished Creatures
  A centaur (D:5)
  A hound (D:5)
  2 leopard geckos (D:1)
  2 giant cockroaches
  A goblin (D:2)
  A hobgoblin (D:2)
  A jackal (D:5)
  A bat (D:1)
  A kobold (D:3)
  2 rats
13 creatures vanquished.

Notes
Turn   | Place    | Note
-------+----------+-------------------------------------------
     0 | D:1      | Amnesiac the Spriggan Artificer began the quest for the Orb.
     0 | D:1      | Reached XP level 1. HP: 9/9 MP: 4/4
   235 | D:1      | Reached skill level 1 in Fighting
   445 | D:2      | Reached XP level 2. HP: 14/14 MP: 6/6
   450 | D:2      | Noticed Robin
   485 | D:3      | Found a blossoming altar of Fedhas.
   585 | D:3      | Found a bloodstained altar of Trog.
   659 | D:4      | Found a stormy altar of Qazlal.
   826 | D:4      | Found Wiloot's Jewellery Emporium.
   831 | D:5      | Entered Level 5 of the Dungeon
   841 | D:5      | Found a shimmering altar of Xom.
   843 | D:5      | Found a sacrificial altar of Ru.
   843 | D:5      | Found a snail-covered altar of Cheibriados.
   845 | D:5      | Found a glowing golden altar of the Shining One.
   845 | D:5      | Found a hide-covered altar of Uskayaw.
   845 | D:5      | Found a shimmering altar of Xom.
   855 | D:5      | Reached skill level 5 in Evocations
   855 | D:5      | Reached XP level 3. HP: 13/18 MP: 7/7
  1057 | D:5      | Noticed Dowan
  1058 | D:5      | Noticed an ice beast
  1078 | D:6      | Noticed a centaur
  1084 | D:5      | Killed a centaur
  1084 | D:5      | Reached skill level 6 in Evocations
  1084 | D:5      | Reached XP level 4. HP: 21/22 MP: 7/9
  1121 | D:5      | Killed themself with a badly aimed iceblast

Vault maps used:
D:1:      dpeg_arrival_shrine
D:2:      nemelex_xobeh_ov_fountains_minmay, first_ration, uniq_robin
D:3:      marbit_many_paths, tgw_fedhas, uniq_grinder
D:4:      grunt_qazlal_clouds, temple_fountains, serial_shops,
          nicolae_shop_waterfront, grunt_dithmenos_smoke_and_mirrors
D:5:      nicolae_overflow_crystal_walls, bloody_makhleb, doesnt_xom_only_xom,
          tgw_sif, uniq_blork_the_orc, uniq_duvessa
D:6:      yredelemnul_forgotten_temple_becter, roderic_batcave

Skill      XL: |  1  2  3 |
---------------+----------+-----
Fighting       | 1 |  1.0
Evocations     | 5 6 |  6.3
Dodging        | 4 |  4.7
Short Blades   | |  1.1
Stealth        | |  1.5

Action                   |  1- 3 |  4- 6 || total
-------------------------+-------+-------++-------
Melee: Short sword       |    52 |     9 ||    61
Evoke: Wand              |     4 |     2 ||     6
  Use: Scroll            |     1 |       ||     1
 Stab: Sleeping          |     3 |       ||     3
       Paralysed         |     5 |       ||     5
Armor: Robe              |     2 |     1 ||     3
Dodge: Dodged            |    49 |    13 ||    62

Table legend:
 A = Spawn XP
 B = Non-spawn XP
 C = Spawn XP percentage of total XP
 D = Spawn monster count
 E = Non-spawn monster count
 F = Spawn count percentage of total count
 G = Total turns spent on level
                    A         B        C        D         E        F      G
               +---------+---------+-------+---------+---------+-------+---------
         Total |       0 |     171 |   0.0 |       0 |      13 |   0.0 |  1121
               +---------+---------+-------+---------+---------+-------+---------
           D:1 |       0 |       7 |   0.0 |       0 |       3 |   0.0 |   242
           D:2 |       0 |       5 |   0.0 |       0 |       3 |   0.0 |   221
           D:3 |       0 |       4 |   0.0 |       0 |       3 |   0.0 |   178
           D:5 |       0 |     155 |   0.0 |       0 |       4 |   0.0 |   287
               +---------+---------+-------+---------+---------+-------+---------
